 Dungeon Crawl Stone Soup version 0.24.0-123-gd5b16e6ec5 (webtiles) character file.

Game seed: 18221765735033348713, levelgen mode: deterministic

17518 Zunyi the Blocker (level 12, -7/141 HPs)
             Began as a Demonspawn Chaos Knight on Dec 25, 2019.
             Was a Plaything of Xom.
             Mangled by a seven-headed hydra (13 damage)
             ... on level 3 of the Lair of Beasts.
             The game lasted 00:48:52 (15429 turns).

Zunyi the Blocker (Demonspawn Chaos Knight)        Turns: 15429, Time: 00:48:53

Health: -7/141     AC: 26    Str: 17 (18) XL:     12   Next: 19%
Magic:  15/15      EV:  2    Int: 20 (21) God:    Xom [..*...]
Gold:   951        SH: 17    Dex: 17 (18) Spells: 10/11 levels left

rFire    . . .     SeeInvis .   a - +0 spear (chaos)
rCold    . . .     Gourm    .   N - +0 large shield
rNeg     + + +     Faith    .   (armour currently unavailable)
rPois    +         Spirit   .   (helmet currently unavailable)
rElec    .         Reflect  .   (cloak currently unavailable)
rCorr    .         Harm     .   (gloves currently unavailable)
MR       .....     NoTele   +   (boots unavailable)
Stlth    +.........             (no amulet)
HPRegen  0.33/turn              R - ring of wizardry
MPRegen  0.14/turn              L - +5 ring of intelligence

@: mighty, agile, tree-form, glowing
A: clumsy 1, demonic guardian 1, deterioration 1, powered by pain 3, wild magic
1, no potion heal 1
a: Renounce Religion


You were on level 3 of the Lair of Beasts.
You worshipped Xom.
You were a toy of Xom.
You were not hungry.
You were a tree.
You visited 2 branches of the dungeon, and saw 13 of its levels.

You collected 951 gold pieces.

Inventory:

Hand Weapons
 a - a +0 spear of chaos (weapon)
 d - a +1 hunting sling
 h - a +2 dagger of venom
 o - a +2 quarterstaff of chaos
 w - a +2 shortbow of flaming
 y - a +4 dagger
 D - a +1 mace of protection
 K - a +0 hunting sling of flaming
Missiles
 g - 3 atropa-tipped darts
 i - 529 stones (quivered)
 k - 3 javelins
 l - 156 sling bullets
 q - 6 silver javelins
 t - 9 poisoned darts
 I - 2 throwing nets
 S - 37 bolts
Armour
 b - a +2 leather armour (melded)
 e - a +0 shield
 p - a +0 buckler
 B - a +2 pair of gloves (melded)
 E - a +0 cloak of poison resistance (melded)
 J - a +0 helmet (melded)
 N - a +0 large shield (worn)
Jewellery
 j - an uncursed ring of flight
 r - an uncursed ring of ice
 L - a +5 ring of intelligence (right branch)
 Q - an uncursed ring of fire
 R - a ring of wizardry (left branch)
Wands
 m - a wand of acid (7)
 u - a wand of polymorph (5)
 P - a wand of random effects (6)
Scrolls
 f - 7 scrolls of magic mapping
 n - 14 scrolls of identify
 v - 5 scrolls of remove curse
 C - 2 scrolls of noise
 M - 4 scrolls of amnesia
Potions
 x - 2 potions of ambrosia
 z - 2 potions of degeneration
 A - a potion of flight
 F - 5 potions of brilliance
 G - a potion of might
 H - a potion of curing
 O - a potion of resistance
Comestibles
 c - 24 rations


   Skills:
 - Level 8.7 Fighting
 + Level 8.4 Polearms
 - Level 2.4 Slings
 + Level 5.0 Armour
 - Level 8.9 Dodging
 - Level 10.1 Shields
 - Level 4.7 Evocations


You had 10 spell levels left.
You knew the following spells:

 Your Spells              Type           Power        Failure   Level  Hunger
a - Animate Skeleton      Necr           N/A          52%         1    ##.....

Your spell library contained the following spells:

 Spells                   Type           Power        Failure   Level  Hunger
 Apportation              Tloc           #.....       52%         1    ##.....
 Confusing Touch          Hex            #.....       52%         1    ##.....
 Freeze                   Ice            #...         52%         1    ##.....
 Summon Small Mammal      Summ           #...         52%         1    ##.....
 Ensorcelled Hibernation  Hex/Ice        #.....       65%         2    ###....
 Throw Frost              Conj/Ice       #.....       65%         2    ###....
 Ozocubu's Armour         Chrm/Ice       #.......     85%         3    ####...
 Summon Ice Beast         Ice/Summ       #.......     99%         4    #####..
 Throw Icicle             Conj/Ice       #.......     99%         4    #####..
 Borgnjor's Vile Clutch   Necr/Erth      #.........   100%        5    ######.
 Silence                  Hex/Air        #.........   100%        5    ######.
 Darkness                 Hex            #.........   100%        6    #######
 Shadow Creatures         Summ           N/A          100%        6    #######


Dungeon Overview and Level Annotations

Branches:
Dungeon (10/15)            Temple (0/1) D:4            Lair (3/6) D:10
  Swamp (0/4) Lair:2
  Snake: Lair:2-4    Spider: Lair:2-4       Orc: D:9-12

Altars:
Ashenzari
Dithmenos
Fedhas
Gozag
Kikubaaqudgha
Nemelex Xobeh
Okawaru
Vehumet
Xom
Yredelemnul
Zin
The Shining One

Shops:
D:9 :

Annotations:
Lair:3 exclusion: oklob plant


Innate Abilities, Weirdness & Mutations

((You have claws for feet.))
((You are mostly covered in slimy green scales. (AC +3)))
A weak demonic guardian rushes to your aid.
You are powered by pain.
You are clumsy. (Dex -2)
Your body sometimes deteriorates upon taking damage.
Your spells are a little harder to cast, but a little more powerful.
Potions are less effective at restoring your health.


Message History

Something bites you.
Something bites you but does no damage. x3
You block something's attack. Something bites you!
Your body deteriorates!
You feel clumsy.
You hit something but do no damage. Something bites you!
Something bites you but does no damage. x2; Something bites you!
* * * LOW HITPOINT WARNING * * *
Something bites you!
* * * LOW HITPOINT WARNING * * *
Something bites you but does no damage. Something bites you!
* * * LOW HITPOINT WARNING * * *
You focus on the pain.
You feel very mighty all of a sudden.
Your system partially rejects the healing.
You feel better. You block something's attack.
Something bites you but does no damage. x3; Something bites you!
* * * LOW HITPOINT WARNING * * *
Something bites you.
* * * LOW HITPOINT WARNING * * *
Something bites you!
You die...

###.#.....###..#.....#.........##
#..##......#..##..#..............
###..............................
#...........................<#.#
#...............P......###.##.##
#...<..................# #######
#..........#..)YY###..#########.
#..........##P##{# #...#.#......
#..........####♣## ###..###.....
#.......#...# ### #..........
#......##...# #.#........
#.....###..## ####.#...>.
#P..#### #..# ##...... ##.## #.##
#...... ## ##.# ##..... #..##
#..... ##...# #.#..#


You could see a yak.

Vanquished Creatures
  5 hydras
  A two-headed ogre (D:8)
  A wolf spider zombie (D:10)
  2 elephants (Lair:3)
  Joseph (D:10)
  4 spiny frogs (Lair:1)
  2 komodo dragons
  A queen bee (Lair:1)
  A raiju (shapeshifter) (D:6)
  A blink frog (Lair:2)
  4 hippogriffs
  5 wraiths
  A yak (shapeshifter) (D:10)
  8 yaks
  A basilisk (Lair:2)
  A steam dragon (Lair:2)
  2 hungry ghosts
  Menkaure (D:7)
  4 water moccasins
  3 porcupines
  2 black bears
  2 orc warriors (D:8)
  2 ice beasts
  2 sky beasts
  A phantom (D:4)
  7 wolves
  7 ogres
  3 centaurs
  3 crocodiles
  5 bullfrogs
  3 scorpions (D:7)
  18 killer bees (Lair:1)
  A howler monkey (D:4)
  3 wights (D:10)
  5 crimson imps
  2 bullfrog zombies (D:8)
  4 jellies
  A centaur skeleton (D:10)
  3 orc priests
  Crazy Yiuf (D:6)
  A hound (D:9)
  5 orc wizards
  A bullfrog skeleton (D:10)
  2 iguanas
  2 worker ants
  18 adders
  4 gnolls (D:9)
  2 shadow imps
  An ooze (D:1)
  3 adder skeletons
  2 dart slugs
  4 leopard geckos
  20 orcs
  4 giant cockroaches
  8 goblins
  9 hobgoblins
  4 jackals (D:6)
  6 quokkas
  A ball python (D:5)
  12 bats
  9 frilled lizards
  A giant cockroach zombie (D:6)
  2 jackal skeletons (D:4)
  8 kobolds
  4 rats
  A fungus (Lair:2)
258 creatures vanquished.

Vanquished Creatures (collateral kills)
  Harold (D:7)
  An elephant (Lair:3)
  A black mamba (Lair:2)
  2 spiny frogs (Lair:2)
  2 blink frogs (Lair:2)
  A swamp worm (Lair:2)
  A water moccasin (D:10)
  A porcupine (Lair:2)
  A black bear (D:6)
  A centaur (D:8)
  2 scorpions
  An electric eel (Lair:2)
  A crimson imp (D:8)
  A jelly (D:10)
  An orc wizard (D:8)
  6 orcs (D:8)
24 creatures vanquished.

Vanquished Creatures (others)
  A deep elf mage (D:6)
  A blink frog (D:6)
  A hippogriff (D:10)
  A black bear (D:6)
  A killer bee (Lair:1)
  2 howler monkeys (D:6)
  A bullfrog zombie (D:8)
  A shadow imp (D:5)
  An adder skeleton (D:6)
  2 leopard geckos (D:6)
  An orc (D:6)
  A quokka (D:3)
  4 fungi (Lair:2)
  A plant (Lair:1)
19 creatures vanquished.

Grand Total: 301 creatures vanquished

Notes
Turn   | Place    | Note
-------+----------+-------------------------------------------
     0 | D:1      | Zunyi the Demonspawn Chaos Knight began the quest for the
                  | Orb.
     0 | D:1      | Reached XP level 1. HP: 18/18 MP: 1/1
    81 | D:1      | Reached skill level 1 in Dodging
   241 | D:1      | Gained mutation: You sometimes gain a little power by
                  | taking damage. [demonic ancestry]
   241 | D:1      | Reached XP level 2. HP: 24/24 MP: 2/2
   733 | D:1      | Reached XP level 3. HP: 29/29 MP: 3/3
   980 | D:2      | Found a shattered altar of Ashenzari.
  1234 | D:2      | Found a blossoming altar of Fedhas.
  1334 | D:2      | Gained mutation: You sometimes gain power by taking damage.
                  | [demonic ancestry]
  1334 | D:2      | Reached XP level 4. HP: 26/37 MP: 4/4
  1359 | D:2      | Found a faded altar of an unknown god.
  1368 | D:2      | XOM: noise
  1582 | D:2      | Learned a level 1 spell: Animate Skeleton
  1588 | D:2      | XOM: harmless Tloc miscast
  1617 | D:2      | XOM: harmless Tmut miscast
  1645 | D:2      | Noticed an ogre
  1656 | D:2      | Killed an ogre
  1656 | D:2      | Reached XP level 5. HP: 18/42 MP: 5/5
  1979 | D:2      | XOM: cloud trail
  2125 | D:3      | Found a sparkling altar of Nemelex Xobeh.
  2594 | D:3      | Reached skill level 1 in Shields
  2776 | D:4      | Found an iron altar of Okawaru.
  2790 | D:4      | Found a staircase to the Ecumenical Temple.
  2798 | D:4      | XOM: enchant monster (bad)
  2805 | D:5      | Entered Level 5 of the Dungeon
  2924 | D:5      | XOM: confuse monster(s)
  2927 | D:5      | Gained mutation: You have sharp toenails. [demonic
                  | ancestry]
  2927 | D:5      | Reached XP level 6. HP: 43/48 MP: 6/6
  2935 | D:5      | XOM: summons 2 friendly demons
  2947 | D:5      | Reached skill level 2 in Shields
  3195 | D:4      | Reached skill level 3 in Shields
  3229 | D:4      | Gained mutation: You are partially covered in slimy green
                  | scales. (AC +2) [demonic ancestry]
  3229 | D:4      | Reached XP level 7. HP: 31/54 MP: 7/7
  3424 | D:4      | XOM: 4-stop teleportation journey
  3443 | D:4      | XOM: enchant monster (bad)
  3542 | D:4      | Found an opulent altar of Gozag.
  3542 | D:4      | Found a basalt altar of Yredelemnul.
  3550 | D:4      | Found an ancient bone altar of Kikubaaqudgha.
  3552 | D:4      | Found a shadowy altar of Dithmenos.
  3553 | D:4      | Found a radiant altar of Vehumet.
  3598 | D:4      | XOM: harmless Summ miscast
  3669 | D:5      | Reached skill level 4 in Shields
  3714 | D:5      | XOM: smoke on damage
  3834 | D:5      | Found a glowing silver altar of Zin.
  3847 | D:5      | altar of zin. go for scrolls
  3847 | D:5      | fifth floor
  3881 | D:6      | Noticed a blink frog
  3881 | D:6      | an ice beast changed into a blink frog
  3896 | D:6      | XOM: fog
  3900 | D:6      | XOM: divine lightning
  3907 | D:6      | XOM: god gift: dagger {god gift}
  3911 | D:6      | Reached skill level 5 in Polearms
  3914 | D:6      | Killed a blink frog
  3914 | D:6      | Gained mutation: A weak demonic guardian rushes to your
                  | aid. [demonic ancestry]
  3914 | D:6      | Reached XP level 8. HP: 38/60 MP: 8/8
  3914 | D:6      | XOM: divine lightning
  3971 | D:6      | XOM: 1-stop teleportation journey
  4066 | D:6      | XOM: cast spell 'Statue Form'
  4102 | D:6      | XOM: destruction
  4184 | D:6      | Found a glowing golden altar of the Shining One.
  4205 | D:6      | XOM: 9-stop teleportation journey
  4276 | D:6      | Found a runed translucent door.
  4277 | D:6      | Noticed Crazy Yiuf
  4491 | D:6      | Noticed a shapeshifter
  4491 | D:6      | an ogre changed into a shapeshifter
  4491 | D:6      | Noticed a raiju
  4491 | D:6      | a shapeshifter changed into a raiju
  4506 | D:6      | Killed a raiju
  4551 | D:6      | Noticed a deep elf mage
  4551 | D:6      | XOM: summons 2 friendly demons
  4582 | D:6      | XOM: harmless Pois miscast
  4782 | D:6      | XOM: butterfly on damage
  4790 | D:6      | XOM: cast spell 'Call Canine Familiar'
  4810 | D:6      | XOM: confuse monster(s)
  4815 | D:6      | XOM: draining
  4820 | D:6      | Killed a deep elf mage
  4961 | D:6      | XOM: stat loss: -1 Int (14/15)
  5220 | D:6      | XOM: give mutation
  5220 | D:6      | Gained mutation: You are robust. (+10% HP) [Xom's grace]
  5222 | D:6      | Reached skill level 5 in Dodging
  5276 | D:6      | Killed Crazy Yiuf
  5337 | D:7      | Reached skill level 1 in Evocations
  5560 | D:7      | XOM: scenery: create altars
  5637 | D:7      | Noticed Menkaure
  5640 | D:7      | Noticed Harold
  5641 | D:7      | Killed Menkaure
  5641 | D:7      | Gained mutation: You are powered by pain. [demonic
                  | ancestry]
  5641 | D:7      | Reached XP level 9. HP: 36/71 MP: 10/10
  5656 | D:7      | XOM: torment (15/71 hp)
  5660 | D:7      | Killed Harold
  5673 | D:7      | XOM: harmless Tmut miscast
  5870 | D:7      | XOM: mild Air miscast
  6018 | D:7      | XOM: 4-stop teleportation journey
  6074 | D:7      | XOM: mild Hex miscast
  6394 | D:7      | XOM: medium Tmut miscast
  6555 | D:7      | XOM: draining
  6810 | D:8      | XOM: noise
  6815 | D:8      | Noticed a two-headed ogre
  6923 | D:7      | XOM: give mutation
  6923 | D:7      | Gained mutation: You are very robust. (+20% HP) [Xom's
                  | grace]
  7127 | D:7      | XOM: scenery: create altars
  7177 | D:8      | XOM: harmless Air miscast
  7179 | D:8      | Reached skill level 5 in Shields
  7312 | D:7      | XOM: give mutations
  7312 | D:7      | Lost mutation: You are very robust. (+20% HP) [Xom's
                  | mischief]
  7312 | D:7      | Gained mutation: You are covered in fur. (AC +1) [Xom's
                  | mischief]
  7312 | D:7      | Lost mutation: You are robust. (+10% HP) [Xom's mischief]
  7312 | D:7      | Gained mutation: You are clumsy. (Dex -2) [Xom's mischief]
  7476 | D:8      | Lost mutation: You are covered in fur. (AC +1) [potion of
                  | mutation]
  7476 | D:8      | Lost mutation: You are clumsy. (Dex -2) [potion of
                  | mutation]
  7476 | D:8      | Gained mutation: You expend magic power (3 MP) to
                  | strengthen your wands. [potion of mutation]
  7476 | D:8      | Gained mutation: Your system is resistant to poisons.
                  | (rPois) [potion of mutation]
  7476 | D:8      | Gained mutation: Your spells are a little harder to cast,
                  | but a little more powerful. [potion of mutation]
  7485 | D:8      | Killed a two-headed ogre
  7485 | D:8      | Reached skill level 5 in Fighting
  7489 | D:8      | Reached skill level 6 in Shields
  7691 | D:8      | XOM: harmless Air miscast
  7723 | D:8      | Gained mutation: You are mostly covered in slimy green
                  | scales. (AC +3) [demonic ancestry]
  7723 | D:8      | Reached XP level 10. HP: 76/76 MP: 13/13
  7750 | D:8      | XOM: harmless Chrm miscast
  8008 | D:8      | XOM: enchant monster (good)
  8266 | D:9      | Found Konenup's Book Boutique.
  8423 | D:9      | XOM: summons 3 friendly demons
  8501 | D:9      | XOM: harmless Conj miscast
  9122 | D:9      | XOM: give mutation
  9122 | D:9      | Gained mutation: You are dopey. (Int -2) [Xom's mischief]
  9127 | D:9      | XOM: summons 4 hostile demons
  9128 | D:9      | Noticed an orange demon
  9159 | D:9      | XOM: butterfly on damage
  9467 | D:9      | XOM: noise
  9471 | D:9      | XOM: give mutations
  9471 | D:9      | Gained mutation: You are robust. (+10% HP) [Xom's mischief]
  9471 | D:9      | Gained mutation: Your body sometimes deteriorates upon
                  | taking damage. [Xom's mischief]
  9471 | D:9      | Lost mutation: You are dopey. (Int -2) [Xom's mischief]
  9523 | D:9      | XOM: give mutation
  9523 | D:9      | Lost mutation: You are robust. (+10% HP) [Xom's mischief]
  9526 | D:9      | XOM: noise
  9534 | D:9      | XOM: swap monsters
  9542 | D:9      | Reached skill level 7 in Shields
  9681 | D:10     | Entered Level 10 of the Dungeon
  9684 | D:10     | XOM: stat loss: -1 Dex (12/14)
  9695 | D:10     | XOM: noise
  9704 | D:10     | Noticed Joseph
  9716 | D:10     | XOM: noise
  9846 | D:9      | XOM: give mutation
  9846 | D:9      | Lost mutation: Your system is resistant to poisons. (rPois)
                  | [Xom's mischief]
 10052 | D:10     | Killed Joseph
 10119 | D:10     | XOM: harmless Tloc miscast
 10123 | D:10     | XOM: divine lightning
 10149 | D:10     | Noticed Josephine
 10150 | D:10     | XOM: harmless Ice miscast
 10160 | D:10     | Josephine changed into Josephine the shapeshifter
 10162 | D:10     | XOM: cleaving
 10354 | D:9      | XOM: harmless Chrm miscast
 10518 | D:10     | XOM: summons 4 hostile shadow creatures
 10566 | D:10     | XOM: give mutation
 10566 | D:10     | Lost mutation: You expend magic power (3 MP) to strengthen
                  | your wands. [Xom's mischief]
 10633 | D:10     | Found a staircase to the Lair.
 10825 | Lair:1   | Entered Level 1 of the Lair of Beasts
 10895 | Lair:1   | XOM: summons 1 hostile demon
 10942 | Lair:1   | XOM: give mutation
 10942 | Lair:1   | Gained mutation: Potions are less effective at restoring
                  | your health. [Xom's mischief]
 11089 | Lair:1   | Noticed a spiny frog
 11090 | Lair:1   | Noticed a spiny frog
 11091 | Lair:1   | Noticed a spiny frog
 11102 | Lair:1   | Killed a spiny frog
 11112 | Lair:1   | Killed a spiny frog
 11112 | Lair:1   | Reached skill level 8 in Shields
 11112 | Lair:1   | Gained mutation: You have razor-sharp toenails. [demonic
                  | ancestry]
 11112 | Lair:1   | Reached XP level 11. HP: 29/86 MP: 14/14
 11112 | Lair:1   | XOM: polymorph quasit -> crimson imp
 11568 | Lair:1   | Noticed a five-headed hydra
 11572 | Lair:1   | XOM: enchant monster (bad)
 11575 | Lair:1   | Killed a five-headed hydra
 11621 | Lair:1   | XOM: summons 4 hostile shadow creatures
 12016 | Lair:1   | XOM: silly message
 12054 | Lair:1   | XOM: divination: detect creatures
 12069 | Lair:1   | XOM: harmless Hex miscast
 12073 | Lair:1   | XOM: potion effect (might)
 12078 | Lair:1   | XOM: harmless Necr miscast
 12130 | Lair:1   | XOM: divination: detect items
 12303 | Lair:1   | XOM: god gift: book of Dreams
 12340 | Lair:2   | XOM: god gift: 16 bolts
 12344 | Lair:2   | XOM: cloud trail
 12383 | Lair:2   | XOM: divination: detect creatures
 12384 | Lair:2   | XOM: cast spell 'Shadow Creatures'
 12394 | Lair:2   | XOM: medium Hex miscast
 12395 | Lair:2   | XOM: summons 3 friendly demons
 12401 | Lair:2   | Reached skill level 9 in Shields
 12412 | Lair:2   | XOM: divination: magic mapping
 12571 | Lair:2   | XOM: noise
 12581 | Lair:2   | XOM: mild Ice miscast
 12670 | Lair:2   | XOM: mild Pois miscast
 12689 | Lair:2   | XOM: cast spell 'Call Canine Familiar'
 12690 | Lair:2   | XOM: fog
 12944 | Lair:1   | XOM: divination: detect items
 13036 | Lair:2   | Noticed a seven-headed hydra
 13037 | Lair:2   | XOM: god gift: 22 stones
 13043 | Lair:2   | XOM: divination: detect items
 13044 | Lair:2   | XOM: cleaving
 13051 | Lair:2   | Killed a seven-headed hydra
 13078 | Lair:2   | XOM: god gift: 59 gold pieces
 13190 | Lair:2   | XOM: summons friendly ufetubus
 13388 | Lair:2   | XOM: severe Fire miscast
 13448 | Lair:2   | XOM: scenery: 1 doors open
 13450 | Lair:2   | Noticed an eight-headed hydra
 13459 | Lair:2   | Killed an eight-headed hydra
 13505 | Lair:2   | Noticed an eight-headed hydra
 13520 | Lair:2   | Killed an eight-headed hydra
 13549 | Lair:2   | Reached skill level 10 in Shields
 13666 | Lair:2   | XOM: god gift: 35 gold pieces
 13712 | Lair:2   | XOM: summons 11 friendly demons
 13903 | Lair:2   | Found a staircase to the Swamp.
 13925 | Lair:2   | XOM: scenery: 3 doors close
 14372 | Lair:3   | XOM: medium Summ miscast
 14375 | Lair:3   | XOM: blink monster(s)
 14382 | Lair:3   | XOM: harmless Chrm miscast
 14760 | Lair:2   | XOM: scenery: 2 doors open
 14772 | Lair:2   | Gained mutation: You have claws for feet. [demonic
                  | ancestry]
 14772 | Lair:2   | Reached XP level 12. HP: 85/92 MP: 15/15
 14777 | Lair:2   | XOM: summons friendly quasit
 14894 | Lair:3   | XOM: summons 12 friendly demons
 14924 | Lair:3   | Noticed a four-headed hydra
 14934 | Lair:3   | Killed a four-headed hydra
 14984 | Lair:3   | XOM: harmless Pois miscast
 15064 | Lair:3   | XOM: cloud trail
 15314 | Lair:3   | XOM: divination: detect items
 15344 | Lair:3   | XOM: give mutations
 15344 | Lair:3   | Gained mutation: You are clumsy. (Dex -2) [Xom's mischief]
 15376 | Lair:3   | Reached skill level 5 in Armour
 15392 | Lair:3   | Noticed a seven-headed hydra
 15393 | Lair:3   | XOM: blink monster(s)
 15412 | Lair:3   | XOM: mild Hex miscast
 15414 | Lair:3   | XOM: swap monsters
 15429 | Lair:3   | HP: 6/141 [something (5)]
 15429 | Lair:3   | Mangled by a seven-headed hydra

Levels and vault maps discovered:
D:1:      minmay_arrival_split_and_join, layout_basic
D:2:      layout_basic, lemuel_round_altar, chequers_ecumenical_altar_simple,
          corexii_hall_statues_x, fedhas_altar_1
D:3:      layout_rooms, nemelex_xobeh_ov_fountains_minmay,
          kennysheep_cluttered_room
D:4:      layout_basic, okawaru_metal_pillars_1_2,
          chequers_temple_overflow_minitemple, minmay_temple_entry_ruins
D:5:      layout_rooms, zin_scriptorium, first_ration
D:6:      minmay_opposing_rooms, layout_basic, old_standard_altar,
          uniq_crazy_yiuf_cottage
D:7:      layout_layer_cave, minmay_starry_boxes, uniq_menkaure, uniq_harold
D:8:      layout_basic
D:9:      layout_loops_ring, serial_shops, shop
D:10:     layout_rooms, lair_entry_dummy, uniq_joseph, uniq_josephine
Lair:1:   layout_roguey, special_room [special_room_bee], columned_hall_lemuel,
          st_stairs_13, eino_small_chamber_without_monster, beast_lair_carwin_2
Lair:2:   layout_regular_city, palyth_hydra_swamp_entry,
          chequers_serial_rivers_micro_b, serial_bayou_shore_a,
          grunt_megastairs_1
Lair:3:   layout_cave_pods, dummy_spider_entry, special_room,
          chequers_serial_rivers_micro_b, lemuel_fruit_fields,
          infiniplex_staircase_pool

Skill      XL: |  1  2  3  4  5  6  7  8  9 10 11 12 |
---------------+-------------------------------------+-----
Dodging        | 1 2 3 5 6 8 |  8.9
Fighting       | 4 5 7 8 |  8.7
Slings         | 2 |  2.4
Shields        | 1 3 4 6 8 10 | 10.1
Polearms       | 3 4 5 6 7 8 |  8.4
Armour         | 2 4 5 |  5.0
Evocations     | 2 4 |  4.7

Action                   |  1- 3 |  4- 6 |  7- 9 | 10-12 || total
-------------------------+-------+-------+-------+-------++-------
Melee: Spear             |   120 |   199 |   426 |   805 ||  1550
       Kick              |       |     5 |    92 |   242 ||   339
 Fire: Hunting sling     |       |     8 |       |       ||     8
Evoke: Wand              |       |     5 |    14 |    44 ||    63
  Use: Scroll            |       |     2 |    12 |     4 ||    18
       Potion            |       |     1 |    17 |     6 ||    24
 Stab: Paralysed         |       |     2 |       |    28 ||    30
       Sleeping          |       |     1 |       |     1 ||     2
       Confused          |       |       |     2 |    14 ||    16
       Distracted        |       |       |     1 |     1 ||     2
       Petrified         |       |       |       |    17 ||    17
       Petrifying        |       |       |       |     6 ||     6
  Eat: Chunk             |     1 |     4 |     3 |     7 ||    15
       Ration            |       |     1 |     3 |     7 ||    11
Armor: Leather armour    |    28 |    37 |   111 |   155 ||   331
       Skin              |       |       |    46 |    17 ||    63
Dodge: Dodged            |    46 |    83 |   148 |   266 ||   543
Block: Buckler           |     4 |    24 |    35 |       ||    63
       Shield            |       |       |    77 |   130 ||   207
       Large shield      |       |       |       |   224 ||   224
